 Dungeon Crawl Stone Soup version 0.31-a0-232-gb1c03b2570 (webtiles) character file.

Game seed: 4244366625389996971

72 Newt the Shooter (level 4, -1/30 HPs)
             Began as a Kobold Hunter on July 7, 2023.
             Slain by a hobgoblin (4 damage)
             ... led by Robin
             ... on level 2 of the Dungeon.
             The game lasted 00:01:42 (1402 turns).

Newt the Shooter (Kobold Hunter)                    Turns: 1402, Time: 00:01:42

Health: -1/30      AC:  3    Str:  8    XL:     4   Next: 48%
Magic:  4/4        EV: 14    Int: 10    God:
Gold:   46         SH:  0    Dex: 20    Spells: 3/3 levels left

rFire   . . .        a - +0 shortbow
rCold   . . .        (shield currently unavailable)
rNeg    . . .        c - +0 leather armour
rPois   .            (no helmet)
rElec   .            (no cloak)
rCorr   .            (no gloves)
SInv    .            (no boots)
Will    .....        (no amulet)
Stlth   +++          (no ring)
HPRegen 0.25/turn    (no ring)
MPRegen 0.09/turn

%: no passive effects
@: no status effects
A: small, no large weapons, nightstalker 3
a: no special abilities


You were on level 2 of the Dungeon.
You visited 1 branch of the dungeon, and saw 2 of its levels.

You collected 46 gold pieces.

Inventory:

Hand Weapons
 a - a +0 shortbow (weapon)
Armour
 c - a +0 leather armour (worn)
Jewellery
 j - a ring of wizardry
Scrolls
 b - a scroll of butterflies
 g - 2 scrolls of identify
Potions
 d - 2 potions of curing
 e - a potion of heal wounds {unknown}
 f - a potion of lignification {unknown}
 h - a potion of haste {unknown}
 i - a potion of might {unknown}


   Skills:
 + Level 4.8 Fighting
 - Level 5.3 Ranged Weapons
 - Level 2.4 Dodging
 - Level 1.3 Stealth


You had 3 spell levels left.
You didn't know any spells.
Your spell library contained the following spells:

 Spells                   Type           Power      Damage    Failure   Level
 Poisonous Vapours        Pois/Air       0%         N/A       63%         2
 Mephitic Cloud           Conj/Pois/Air  0%         N/A       86%         3
 Freezing Cloud           Conj/Ice/Air   0%         6-21      100%        5
 Simulacrum               Ice/Necr       0%         N/A       100%        6
 Ozocubu's Refrigeration  Ice            0%         4d7       100%        7
 Polar Vortex             Ice            0%         N/A       100%        9


Dungeon Overview and Level Annotations

Branches:
Dungeon (2/15)

Altars:

Annotations:
D:2 Robin


Innate Abilities, Weirdness & Mutations

You are small and have problems with some larger weapons.
You are completely attuned to the shadows.


Message History

Press: ? - help, Shift-Dir - straight line, f/p - Robin
Aim: Robin, wielding a +0 spear, wearing a +0 animal skin and wearing a +0 helmet (72% to hit)
You shoot an arrow. The arrow barely misses the hobgoblin.
The arrow hits Robin but does no damage.
The hobgoblin misses you.
Robin hits you from afar with a +0 spear.
The goblin barely misses you.
Unknown command.
Unknown command.
Fire: a) +0 shortbow
Press: ? - help, Shift-Dir - straight line, f/p - Robin
Aim: Robin, wielding a +0 spear, wearing a +0 animal skin and wearing a +0 helmet (72% to hit)
You shoot an arrow. The arrow barely misses the hobgoblin.
The arrow hits Robin.
Robin is lightly wounded.
The hobgoblin hits you. Robin closely misses you.
The goblin hits you with a +0 club.
Fire: a) +0 shortbow
Press: ? - help, Shift-Dir - straight line, f/p - Robin
Aim: Robin, wielding a +0 spear, wearing a +0 animal skin and wearing a +0 helmet (lightly wounded, 72% to hit)
You shoot an arrow. The arrow hits the hobgoblin.
The hobgoblin is lightly wounded.
The goblin no longer looks unusually strong.
The hobgoblin closely misses you. Robin throws the goblin at you!
The goblin hits you but does no damage. The goblin misses you.
You shoot an arrow. The arrow closely misses the goblin.
The hobgoblin closely misses you. The goblin closely misses you.
Robin hits you from afar with a +0 spear.
The goblin completely misses you. The goblin closely misses you.
The hobgoblin no longer looks unusually strong.
The goblin hits you with a +0 club.
* * * LOW HITPOINT WARNING * * *
The goblin no longer looks unusually strong.
The hobgoblin attacks as you move away!
The hobgoblin hits you but does no damage.
The hobgoblin attacks as you move away! The hobgoblin hits you.
* * * LOW HITPOINT WARNING * * *
The hobgoblin attacks as you move away! The hobgoblin hits you.
You die...

###### #....# #.##(###
###### #.#....# #....#
#.#.##.###
##....#######.####...#
†...............@.>#.####
.........##...#g##.#....#
..........#.#.g.##.###.##
.††.....g.#.#.###.......###
......grgg#....#......|...#
........g.#....#...######.#
##........#.##......#####.#
.#.##..†g!)#....#........#
#.# ..)####.####..#######


You could see a hobgoblin and a goblin.

Vanquished Creatures
  A gnoll (D:1)
  An adder (D:2)
  A dart slug (D:2)
  6 ball pythons
  3 endoplasms
  2 giant cockroaches
  8 hobgoblins
  2 jackals (D:1)
  2 quokkas
  5 bats
  4 frilled lizards
  7 goblins
  3 kobolds
  3 rats
48 creatures vanquished.

Notes
Turn   | Place    | Note
-------+----------+-------------------------------------------
     0 | D:1      | Newt the Kobold Hunter began the quest for the Orb.
     0 | D:1      | Reached XP level 1. HP: 12/12 MP: 1/1
    35 | D:1      | Reached XP level 2. HP: 18/18 MP: 2/2
   189 | D:1      | Reached XP level 3. HP: 23/23 MP: 3/3
  1036 | D:2      | Noticed Robin
  1138 | D:2      | Reached XP level 4. HP: 30/30 MP: 4/4
  1402 | D:2      | Slain by a hobgoblin

Illustrated notes

Levels and vault maps discovered:
D:1:      erik_arrival_cave_to_civilisation [erik_arrival_cave_to_hall],
          layout_loops_ring, nrook_mini_backslash, serial_bayou_pond_d,
          grunt_decor_junction, minmay_tripent
D:2:      layout_basic, uniq_robin

Skill      XL: |  1  2  3 |
---------------+----------+-----
Fighting       | 3 4 |  4.8
Ranged Weapons | |  5.3
Dodging        | |  2.4
Stealth        | |  1.3

Action                     |  1- 3 |  4- 6 || total
---------------------------+-------+-------++-------
   Fire: Shortbow          |    67 |    49 ||   116
    Use: Scroll            |     3 |       ||     3
 Armour: Leather armour    |     9 |    11 ||    20
  Dodge: Dodged            |    22 |    37 ||    59

Table legend: (Time is in decaauts)
 A = Elapsed time spent in this place.
 B = Non-inter-level travel time spent in this place.
 C = Inter-level travel time spent in this place.
 D = Time resting spent in this place.
 E = Time spent auto-exploring this place.
 F = Levels seen in this place.
 G = Mean time per level.
                   A        B        C        D        E       F      G
               +--------+--------+--------+--------+--------+-----+--------+
         Total |   1423 |   1327 |     96 |     74 |   1040 |   2 |  711.5 |
       Dungeon |   1423 |   1327 |     96 |     74 |   1040 |   2 |  711.5 |
               +--------+--------+--------+--------+--------+-----+--------+

Top non-repeatable levels by time:
     D:1: 1080 daAuts
     D:2: 343 daAuts
